Map: [ESL] Ancient Cistern

Players

Maru

  • Race: Terran Terran

Oliveira - Winner!

  • Race: Terran Terran

Event: IEM Katowice 2023

VOD

https://youtu.be/TIAcACrBxJ4?t=2736

Description

Time

  • Played on: Feb. 12, 2023, 2:11 p.m.
  • Length: 25:19

All games in this series

Show
View Real Time Build Order
Export as new Build Order

Maru Terran 

Build Orders:  

Get SALT Encoding   

  12  0:00  SCV  
  13  0:12  SCV  
  14  0:16  Supply Depot  
  14  0:24  SCV  
  15  0:38  SCV  
  15  0:40  Barracks  
  16  0:43  Refinery  
  16  0:50  SCV  
  16  0:52  Refinery  
  17  1:02  SCV  
  18  1:14  SCV  
  19  1:27  Orbital Command, Reaper  
  19  1:32  Supply Depot  
  20  1:43  Factory  
  20  1:52  SCV  
  21  1:59  Barracks Reactor  
  21  2:04  SCV  
  22  2:16  SCV  
  22  2:21  Command Center  
  23  2:27  Hellion  
  23  2:28  SCV  
  26  2:36  Starport  
  26  2:40  SCV  
  27  2:45  Supply Depot  
  27  2:50  Factory Tech Lab  
  27  2:53  SCV  
  27  2:55  Marine x2  
  30  3:05  SCV  
  31  3:09  Siege Tank  
  34  3:14  Marine x2  
  34  3:18  Medivac  
  38  3:21  SCV  
  39  3:33  Orbital Command, SCV  
  40  3:38  Marine x2  
  42  3:43  Siege Tank  
  42  3:46  SCV  
  46  3:51  Starport Tech Lab  
  46  3:56  Supply Depot  
  46  3:58  Marine x2, SCV  
  46  4:01  SCV  
  50  4:05  Refinery  
  50  4:10  SCV  
  50  4:13  SCV  
  51  4:18  Raven  
  51  4:22  SCV  
  54  4:25  SCV  
  54  4:30  Cyclone  
  58  4:36  Command Center, Supply Depot  
  58  4:38  SCV  
  59  4:39  SCV  
  60  4:50  SCV  
  61  4:57  SCV  
  61  4:58  Barracks  
  61  4:59  Barracks  
  62  5:02  Marine, Starport Reactor  
  62  5:03  Stimpack  
  63  5:10  Engineering Bay, SCV  
  63  5:12  Engineering Bay  
  64  5:15  SCV  
  64  5:20  Siege Tank  
  68  5:22  SCV  
  68  5:27  SCV  
  68  5:34  SCV  
  69  5:37  Terran Infantry Armor Level 1, Terran Infantry Weapons Level 1  
  69  5:40  SCV  
  70  5:47  Orbital Command  
  70  5:48  SCV  
  70  5:49  Starport Reactor  
  71  5:52  SCV  
  71  5:54  Siege Tank  
  71  5:57  Marine x3, Supply Depot  
  75  5:59  Marine  
  75  6:00  SCV  
  80  6:04  SCV  
  80  6:09  Supply Depot  
  80  6:12  Barracks, SCV  
  80  6:13  Barracks, SCV  
  80  6:16  SCV  
  83  6:21  Marine  
  83  6:24  SCV  
  83  6:25  SCV  
  86  6:26  Marine x3  
  86  6:27  Medivac x2  
  86  6:31  Siege Tank, SCV  
  97  6:35  Supply Depot  
  97  6:37  Marine  
  97  6:38  SCV x2  
  100  6:43  SCV, Supply Depot  
  100  6:44  Combat Shield  
  101  6:48  Marine  
  101  6:56  Marine x3  
  101  6:57  Marine  
  101  6:58  Medivac  
  101  7:00  SCV x2  
  109  7:06  Marine  
  84  7:08  SCV  
  84  7:11  Viking  
  84  7:12  SCV x2  
  84  7:14  Marine x2  
  84  7:20  SCV  
  78  7:24  SCV x2  
  78  7:27  Marine x3  
  78  7:28  Barracks Reactor x2  
  83  7:33  SCV  
  83  7:35  Armory  
  83  7:36  SCV x2  
  86  7:38  Marine x2  
  88  7:45  Marine x3, SCV  
  88  7:48  SCV x2  
  88  7:50  Refinery  
  88  7:51  Refinery  
  94  7:56  Marine x2  
  94  7:57  Siege Tank, Supply Depot  
  99  7:58  Supply Depot  
  99  8:00  SCV  
  99  8:02  Marine, SCV  
  99  8:03  Marine  
  103  8:06  SCV  
  103  8:07  Refinery  
  103  8:09  Marine x3  
  103  8:10  Marine x2  
  109  8:13  SCV  
  109  8:14  Marine, SCV  
  109  8:18  Marine  
  113  8:20  Marine  
  113  8:21  Marine  
  113  8:22  SCV  
  112  8:27  Marine x4  
  112  8:28  Marine  
  112  8:29  Siege Tank  
  112  8:32  Marine  
  111  8:34  Viking x2  
  111  8:36  Marine  
  111  8:38  Marine  
  111  8:39  Marine  
  111  8:41  Terran Infantry Weapons Level 2  
  118  8:45  Marine x2  
  118  8:48  Terran Infantry Armor Level 2  
  120  8:49  Marine  
  120  8:50  Marine  
  120  8:53  Command Center  
  120  8:55  Marine x2  
  124  8:56  Marine  
  124  9:02  Marine  
  118  9:03  Marine x2  
  118  9:05  SCV  
  118  9:06  Terran Vehicle Weapons Level 1  
  118  9:08  SCV  
  118  9:09  Factory, SCV  
  124  9:10  Barracks Reactor, Supply Depot  
  125  9:17  SCV  
  125  9:20  SCV  
  125  9:21  Viking x2, SCV  
  125  9:23  Marine  
  132  9:29  Marine  
  133  9:32  Marine, Siege Tank  
  133  9:33  Marine x3, Supply Depot  
  133  9:36  Missile Turret  
  137  9:43  SCV  
  137  9:44  Marine  
  117  9:47  Marine x3  
  117  9:49  Marine  
  117  9:50  Marine  
  117  9:51  Medivac x2  
  117  9:52  Orbital Command  
  112  10:02  SCV  
  112  10:03  SCV  
  112  10:04  Siege Tank  
  108  10:08  Marine  
  108  10:09  Marine x2  
  108  10:10  Siege Tank  
  108  10:11  Planetary Fortress  
  111  10:15  SCV  
  111  10:16  SCV  
  111  10:17  Marine  
  111  10:18  Marine x6  
  111  10:20  SCV  
  121  10:27  SCV  
  122  10:29  SCV  
  122  10:32  SCV  
  122  10:34  Sensor Tower  
  124  10:35  Marine x2  
  124  10:38  Siege Tank, Marine  
  124  10:41  Viking  
  132  10:43  SCV x2  
  134  10:51  Siege Tank  
  134  10:53  SCV  
  134  10:54  SCV  
  134  10:55  SCV  
  134  10:56  Marine x2, Supply Depot  
  142  10:57  Sensor Tower  
  142  11:00  Marine x5  
  142  11:03  Marine x2  
  149  11:05  Terran Vehicle Weapons Level 2  
  149  11:10  Siege Tank  
  152  11:17  Command Center  
  152  11:21  Marine x3  
  155  11:28  Viking x2  
  155  11:32  Supply Depot  
  159  11:34  Siege Tank, Marine x5  
  166  11:41  Marine x2  
  166  11:42  Marine, Siege Tank  
  158  11:48  Marine  
  158  11:49  Marine  
  158  11:52  Marine x5  
  143  11:58  Marine, Viking x2  
  143  11:59  Marine  
  143  12:00  Marine  
  148  12:06  Marine x2  
  150  12:09  Marine  
  150  12:10  Marine  
  150  12:11  Marine x3, Terran Infantry Weapons Level 3  
  155  12:16  Marine x2  
  155  12:18  Marine, Terran Infantry Armor Level 3  
  158  12:25  SCV  
  158  12:26  SCV x3, Refinery x2  
  162  12:36  Marine x4  
  162  12:37  Marine x3  
  166  12:39  Siege Tank  
  166  12:41  SCV x3  
  175  12:49  Siege Tank, Marine  
  175  12:50  Marine x2  
  181  12:54  Marine x2  
  183  13:05  Viking x2  
  186  13:11  Marine  
  172  13:21  Marine x2  
  172  13:23  Siege Tank  
  172  13:24  Marine x2  
  172  13:26  Marine x4  
  163  13:32  SCV  
  163  13:33  Marine x2, Terran Vehicle Weapons Level 3  
  158  13:36  Supply Depot  
  158  13:38  Medivac x2  
  158  13:39  Marine x2, Command Center  
  164  13:42  Marine  
  164  13:43  Marine  
  164  13:44  Marine  
  164  13:46  Marine x2, Siege Tank  
  172  13:54  Marine  
  173  13:58  Starport  
  173  13:59  Starport x2  
  173  14:01  Marine x2  
  175  14:06  SCV  
  175  14:08  Viking x2  
  180  14:16  SCV  
  180  14:17  SCV x2  
  182  14:19  Command Center  
  183  14:35  SCV x4  
  185  14:38  Viking  
  187  14:47  SCV  
  187  14:50  Starport Tech Lab x3, Viking  
  190  14:56  Siege Tank x2  
  196  15:08  Viking  
  195  15:20  Raven x2  
  199  15:23  Planetary Fortress  
  199  15:28  Armory  
  199  15:29  Neosteel Armor, Hi-Sec Auto Tracking  
  199  15:35  Refinery x2  
  199  15:36  Command Center  
  199  15:38  Orbital Command  
  196  16:03  Raven x3  
  188  16:05  Viking x2  
  188  16:11  Siege Tank x2, Marine  
  177  16:23  Terran Ship Weapons Level 1, Starport, Terran Vehicle And Ship Armor Level 1  
  177  16:25  Starport  
  177  16:30  Missile Turret  
  177  16:31  Marine x8, Missile Turret  
  185  16:35  Medivac x2  
  185  16:37  Raven  
  191  16:43  Siege Tank  
  194  16:51  Planetary Fortress  
  194  16:53  Missile Turret  
  193  16:55  Viking x2  
  193  16:56  Command Center  
  197  17:01  Command Center  
  197  17:05  Viking  
  199  17:27  Command Center  
  192  17:32  Viking x2  
  192  17:33  Viking  
  183  17:46  Marine  
  183  17:47  Marine x2, Viking x3  
  183  17:48  Viking  
  181  17:56  Siege Tank x2, Marine  
  188  18:02  Viking x2  
  188  18:03  Viking  
  188  18:05  Marine  
  181  18:17  Marine x3, Viking x3  
  181  18:18  Viking  
  180  18:25  Marine x7  
  180  18:27  Orbital Command  
  166  18:28  Siege Tank x2  
  172  18:34  Marine, Viking x3  
  172  18:35  Marine x2  
  181  18:43  Marine x7  
  181  18:48  Raven x2  
  181  18:50  Raven  
  181  18:54  Marine x3  
  183  18:56  Orbital Command  
  183  19:00  Siege Tank x2, Marine  
  183  19:01  Marine x5  
  188  19:11  Planetary Fortress  
  187  19:22  Raven  
  187  19:28  Marine x4  
  187  19:32  Siege Tank x2  
  187  19:37  Marine x2  
  195  19:48  Supply Depot  
  195  19:49  Supply Depot  
  195  20:10  Marine x2, Siege Tank, Orbital Command  
  200  20:16  Terran Ship Weapons Level 2, Terran Vehicle And Ship Armor Level 2  
  200  20:18  Command Center  
  163  20:43  Marine  
  163  20:45  Siege Tank  
  163  20:49  Siege Tank  
  166  20:50  Viking, Raven  
  166  20:58  Medivac  
  166  21:00  Marine x4  
  158  21:05  SCV  
  158  21:06  SCV x2  
  157  21:11  Marine  
  157  21:17  Siege Tank, Command Center  
  155  21:19  Marine x5  
  155  21:21  Siege Tank, SCV x3  
  155  21:22  SCV  
  155  21:24  Refinery x2  
  167  21:33  SCV  
  151  21:46  Marine x4, Medivac  
  155  21:49  Siege Tank  
  155  21:51  Medivac  
  155  21:53  Siege Tank  
  163  21:59  Medivac  
  165  22:04  Medivac  
  165  22:05  Marine x8  
  175  22:10  Medivac  
  175  22:12  Orbital Command  
  177  22:21  Siege Tank  
  180  22:33  Siege Tank  
  179  22:47  Marine  
  174  22:53  Siege Tank  
  146  23:01  Marine  
  146  23:02  Marine x2  
  146  23:05  Siege Tank, Marine  
  115  23:12  SCV x3  
  97  23:13  SCV  
  97  23:15  Marine  
  97  23:16  Viking, Raven x2  
  97  23:19  Marine x2  
  101  23:23  Marine  
  101  23:24  SCV  
  101  23:25  Siege Tank  
  108  23:33  Marine  
  107  23:37  Siege Tank, Marine x2  
  107  23:38  Raven  
  110  23:47  Marine, SCV  
  110  23:48  SCV x2  
  113  23:49  SCV x2  
  113  23:51  Marine  
  113  23:52  Raven  
  113  23:55  Marine x2, Orbital Command  
  118  24:00  SCV x2  
  122  24:04  Marine  
  122  24:08  Raven  
  122  24:09  Marine  
  126  24:12  SCV x2, Raven  
  126  24:13  Marine x2, SCV  
  126  24:14  SCV  
  134  24:20  Siege Tank  
  134  24:21  SCV x2  
  134  24:22  Marine  
  140  24:27  Marine  
  140  24:29  Raven  
  140  24:31  Marine x2  
  144  24:38  SCV  
  144  24:39  SCV x4  
  144  24:40  Marine  
  144  24:44  Marine  
  150  24:49  Marine x2  
  154  24:58  Marine  
Show
View Real Time Build Order
Export as new Build Order

Oliveira Terran - Winner!

Build Orders: Reaper Expand 

Get SALT Encoding   

  12  0:00  SCV  
  13  0:12  SCV  
  14  0:17  Supply Depot  
  14  0:24  SCV  
  15  0:38  SCV  
  15  0:40  Barracks  
  16  0:43  Refinery  
  16  0:50  SCV  
  17  1:03  SCV  
  18  1:15  SCV  
  19  1:27  Orbital Command, Reaper  
  20  1:41  Command Center  
  20  1:49  Supply Depot  
  20  1:53  SCV  
  21  1:59  Marine  
  22  2:05  SCV  
  23  2:09  Factory  
  23  2:16  Bunker  
  23  2:19  SCV  
  23  2:22  Barracks Reactor  
  24  2:27  Refinery  
  24  2:31  SCV  
  25  2:43  SCV  
  26  2:53  Hellion  
  26  2:54  Orbital Command  
  26  2:56  Starport  
  28  2:58  SCV  
  28  3:00  Marine  
  28  3:03  Marine  
  31  3:10  SCV  
  32  3:15  Factory Tech Lab  
  32  3:19  Refinery  
  32  3:20  SCV  
  32  3:23  SCV  
  32  3:24  Marine x2  
  36  3:34  Siege Tank  
  39  3:38  SCV, Supply Depot  
  39  3:39  SCV  
  41  3:45  Viking  
  41  3:48  Marine  
  44  3:51  SCV  
  44  3:52  SCV  
  46  4:02  Supply Depot  
  46  4:03  SCV  
  46  4:04  SCV  
  46  4:06  Siege Tank  
  46  4:09  Marine  
  52  4:13  Marine  
  52  4:17  Starport Tech Lab  
  53  4:19  SCV, Supply Depot  
  55  4:24  SCV  
  55  4:28  Marine  
  55  4:31  SCV  
  57  4:36  Raven  
  57  4:37  SCV  
  60  4:41  Siege Tank  
  60  4:42  Supply Depot  
  63  4:49  SCV  
  63  4:50  Marine  
  63  4:51  SCV  
  65  4:58  Command Center  
  65  5:01  SCV  
  65  5:04  SCV  
  65  5:06  Supply Depot  
  67  5:10  Raven  
  67  5:13  Siege Tank  
  72  5:14  Marine x2  
  72  5:16  SCV  
  72  5:20  SCV  
  76  5:28  SCV  
  76  5:29  Supply Depot  
  76  5:33  Barracks  
  76  5:34  SCV  
  76  5:35  Barracks  
  79  5:40  SCV  
  80  5:46  Siege Tank  
  80  5:48  SCV  
  80  5:52  SCV  
  80  5:55  Supply Depot  
  80  5:56  Refinery  
  81  6:03  Marine, Stimpack  
  81  6:09  Engineering Bay  
  81  6:10  Viking  
  81  6:11  Engineering Bay  
  83  6:12  Viking  
  83  6:13  SCV  
  86  6:18  SCV  
  86  6:21  Marine  
  86  6:25  Siege Tank  
  92  6:26  Orbital Command  
  92  6:27  SCV  
  92  6:30  SCV  
  94  6:39  SCV, Barracks Reactor x2  
  94  6:40  Marine  
  94  6:43  Terran Infantry Armor Level 1, Terran Infantry Weapons Level 1  
  94  6:46  Supply Depot  
  95  6:49  Viking  
  97  6:58  Marine  
  74  7:09  Siege Tank  
  74  7:10  SCV  
  76  7:16  Marine, SCV  
  76  7:19  Viking  
  76  7:22  Orbital Command  
  74  7:25  Marine x4  
  74  7:27  SCV  
  74  7:30  SCV  
  74  7:33  Barracks  
  74  7:34  Marine, Barracks  
  76  7:37  Viking  
  76  7:39  SCV  
  76  7:42  Siege Tank, SCV  
  76  7:43  Marine x2  
  85  7:45  Marine  
  85  7:48  SCV  
  85  7:49  Combat Shield  
  85  7:51  Marine, SCV, Viking  
  89  7:55  SCV  
  89  7:56  Supply Depot  
  92  8:00  SCV  
  92  8:01  Marine, Refinery  
  92  8:03  Refinery  
  92  8:04  Marine, SCV  
  96  8:07  Marine, SCV, Armory  
  96  8:12  SCV  
  99  8:15  Siege Tank  
  99  8:16  SCV  
  99  8:17  Sensor Tower  
  103  8:22  Marine  
  103  8:26  Marine  
  103  8:33  Marine, Barracks Reactor x2  
  102  8:36  Medivac  
  102  8:38  SCV x2  
  102  8:40  Command Center  
  102  8:41  Marine  
  107  8:42  Medivac  
  107  8:43  Supply Depot  
  107  8:46  SCV  
  110  8:49  Supply Depot  
  110  8:50  SCV  
  108  8:59  Marine x2  
  108  9:00  Siege Tank  
  108  9:01  SCV x2  
  108  9:02  SCV  
  108  9:03  Refinery  
  108  9:04  Marine x2  
  108  9:05  Marine, Terran Infantry Weapons Level 2  
  111  9:13  Marine, SCV  
  111  9:14  Missile Turret  
  111  9:16  Marine x2  
  115  9:17  Missile Turret  
  115  9:18  Marine  
  115  9:19  Terran Infantry Armor Level 2, Missile Turret  
  115  9:22  Marine  
  115  9:23  Marine x4  
  121  9:28  Terran Vehicle Weapons Level 1  
  121  9:31  Marine  
  121  9:34  Marine  
  122  9:40  Marine x2  
  122  9:41  Marine  
  110  9:46  Marine  
  110  9:47  Marine  
  110  9:48  Marine  
  110  9:49  SCV  
  110  9:51  Marine  
  110  9:52  Siege Tank  
  113  9:58  Marine  
  113  9:59  Marine x4  
  117  10:04  Marine  
  113  10:08  Marine x2  
  113  10:10  Marine  
  113  10:11  Medivac x2  
  117  10:16  Marine x3  
  117  10:18  Marine x2, Sensor Tower  
  122  10:22  Command Center  
  122  10:24  Marine  
  122  10:26  Marine, Siege Tank  
  122  10:27  Factory  
  126  10:29  Marine x2  
  126  10:32  SCV  
  126  10:34  Marine  
  130  10:35  Marine  
  130  10:36  Marine  
  130  10:37  Marine  
  130  10:41  SCV  
  134  10:43  SCV  
  134  10:46  Marine  
  134  10:47  Sensor Tower, Supply Depot, Missile Turret  
  136  10:52  Marine x2  
  136  10:54  Viking  
  136  10:56  Viking  
  142  10:57  SCV  
  142  11:00  SCV  
  142  11:01  SCV  
  142  11:02  Marine  
  142  11:03  Marine  
  147  11:06  Marine  
  147  11:07  Marine  
  147  11:11  Siege Tank, Marine x2  
  153  11:15  Marine x2, Factory Tech Lab  
  153  11:18  SCV  
  157  11:27  Terran Infantry Weapons Level 3  
  157  11:33  Marine x4, SCV x2  
  157  11:34  Planetary Fortress  
  157  11:35  Marine  
  157  11:37  Siege Tank  
  166  11:40  Barracks Reactor  
  166  11:42  Marine  
  150  11:47  Marine  
  150  11:50  Marine  
  150  11:51  Marine  
  150  11:53  Marine x3  
  121  11:54  Siege Tank  
  121  11:55  Marine  
  121  11:56  Medivac x2  
  121  11:58  Terran Infantry Armor Level 3  
  121  12:00  Marine  
  130  12:04  Refinery  
  130  12:05  Marine, Refinery  
  131  12:08  Marine  
  131  12:09  Marine  
  131  12:10  Terran Vehicle Weapons Level 2  
  131  12:11  Marine x2  
  131  12:12  Marine  
  131  12:13  Marine  
  137  12:17  Marine  
  137  12:20  Siege Tank, Marine x2  
  143  12:23  Marine  
  143  12:24  SCV x2  
  143  12:25  Supply Depot  
  143  12:26  Marine, Supply Depot  
  143  12:27  Marine  
  143  12:28  Marine  
  151  12:31  Siege Tank  
  151  12:32  Marine  
  151  12:36  Viking  
  151  12:37  Viking  
  157  12:41  Marine x3  
  160  12:50  Marine  
  161  12:53  Command Center  
  161  12:54  Marine x2  
  161  12:57  Marine  
  164  13:03  Marine  
  165  13:09  Siege Tank  
  165  13:12  Viking x2  
  162  13:13  Siege Tank  
  162  13:17  Marine  
  162  13:18  Marine  
  162  13:19  Marine  
  159  13:20  Marine  
  159  13:24  Marine x2  
  159  13:25  Marine  
  159  13:26  Marine x2  
  147  13:28  Marine  
  147  13:30  SCV x4  
  152  13:34  Starport  
  152  13:35  Marine  
  152  13:36  Marine x2, Starport  
  152  13:38  Marine  
  152  13:39  Sensor Tower  
  156  13:42  Siege Tank, Refinery  
  156  13:44  Marine  
  156  13:46  Marine  
  161  13:51  Siege Tank, Marine  
  161  13:53  Marine x2  
  161  13:54  Marine  
  168  13:56  Marine  
  168  13:58  Marine  
  168  14:02  Medivac x2  
  174  14:04  Marine x2  
  176  14:13  Starport Tech Lab, Starport Reactor  
  176  14:19  Siege Tank  
  179  14:33  Siege Tank  
  182  14:39  Viking x2  
  182  14:40  Raven  
  190  14:52  Siege Tank  
  190  14:53  Viking x2  
  190  14:55  Fusion Core  
  190  14:57  Terran Vehicle Weapons Level 3  
  188  15:09  Siege Tank  
  188  15:11  Viking  
  188  15:12  Liberator  
  195  15:19  Raven  
  197  15:23  Planetary Fortress, Armory  
  197  15:29  Refinery  
  197  15:30  Missile Turret  
  197  15:31  Command Center, Refinery  
  197  15:36  Missile Turret  
  197  15:37  Sensor Tower  
  197  15:38  Missile Turret x2  
  197  15:41  Missile Turret x2  
  197  15:45  Viking  
  197  15:47  Advanced Ballistics  
  198  16:02  Viking  
  191  16:05  Raven  
  191  16:07  Viking  
  191  16:08  Viking  
  191  16:10  Sensor Tower  
  180  16:18  Liberator  
  180  16:19  Siege Tank x2  
  180  16:23  Marine  
  190  16:30  Terran Vehicle And Ship Armor Level 1  
  190  16:33  Liberator  
  193  16:41  Liberator x2  
  199  16:49  Command Center  
  199  17:28  Viking x2  
  197  17:31  Viking  
  197  17:36  Marine x2  
  199  17:38  Marine  
  194  17:57  Marine  
  194  17:58  Viking x2  
  195  18:06  Marine  
  195  18:10  Marine  
  186  18:24  Viking x2  
  183  18:27  Siege Tank  
  183  18:28  Siege Tank, Raven  
  183  18:33  Starport  
  191  18:35  Starport  
  191  18:39  Viking  
  193  18:45  Viking  
  185  19:00  Viking x2  
  185  19:08  Viking  
  185  19:09  Siege Tank x2  
  187  19:10  Terran Vehicle And Ship Armor Level 2  
  187  19:11  Terran Ship Weapons Level 1  
  187  19:14  Planetary Fortress  
  187  19:15  Planetary Fortress  
  184  19:20  Viking  
  182  19:24  Viking  
  182  19:25  Starport Tech Lab, Viking  
  182  19:27  Marine x3  
  182  19:28  Refinery  
  189  19:32  Refinery  
  189  19:39  Viking x2  
  189  19:45  Siege Tank, Raven x2  
  194  19:46  Siege Tank  
  197  20:04  Viking x2  
  195  20:14  Viking  
  195  20:15  Starport Tech Lab  
  184  20:43  Siege Tank, Marine x2, Raven  
  184  20:49  Marine x2  
  177  20:52  Siege Tank, Marine  
  177  20:54  Liberator x2  
  177  20:55  Liberator x2  
  185  21:00  Marine x2  
  175  21:04  Marine  
  175  21:07  Marine  
  169  21:11  Marine  
  169  21:13  Marine  
  169  21:14  Marine x2  
  169  21:15  Marine, Siege Tank  
  169  21:17  Marine  
  170  21:19  Raven  
  170  21:22  Marine x2  
  170  21:25  Marine  
  175  21:28  Marine  
  175  21:29  Marine  
  175  21:31  Marine  
  175  21:32  Siege Tank  
  177  21:37  Orbital Command  
  170  21:44  Viking  
  170  21:45  Marine x3, Viking x3  
  170  21:46  Marine  
  172  21:49  Terran Vehicle And Ship Armor Level 3, Terran Ship Weapons Level 2  
  172  21:51  Marine x2  
  174  21:56  SCV x3  
  174  22:00  Marine, Command Center  
  178  22:02  Marine x3, Command Center, Raven  
  178  22:07  Siege Tank, Refinery  
  178  22:08  Command Center, Missile Turret x2  
  186  22:11  Sensor Tower  
  186  22:14  Marine  
  187  22:16  Siege Tank  
  187  22:17  Viking x2  
  187  22:19  Marine  
  194  22:23  Marine x2  
  194  22:27  Marine  
  197  22:36  Marine  
  198  22:45  Marine  
  198  22:47  Marine  
  198  22:52  Marine x2  
  198  22:55  Marine x2  
  194  23:01  Marine x2  
  194  23:02  Marine x2  
  194  23:05  Marine x2  
  152  23:06  Siege Tank, Liberator  
  152  23:07  Liberator  
  152  23:10  Marine x2  
  146  23:13  Marine x2  
  146  23:14  Liberator x2  
  146  23:15  Raven  
  146  23:19  Marine x2  
  158  23:20  Marine x2  
  158  23:21  Command Center  
  158  23:22  Marine  
  158  23:23  Orbital Command, Marine  
  160  23:27  Marine  
  160  23:28  Marine  
  160  23:31  Marine  
  160  23:34  Marine  
  163  23:37  Marine  
  163  23:38  Siege Tank  
  163  23:39  Marine x2  
  163  23:40  Siege Tank  
  164  23:46  Hi-Sec Auto Tracking  
  164  23:50  Missile Turret  
  164  23:52  Viking  
  164  23:53  Missile Turret  
  164  23:54  Marine  
  167  23:55  Planetary Fortress  
  167  24:01  Viking  
  169  24:11  Siege Tank  
  169  24:14  Marine x2, Viking, Raven  
  178  24:18  Marine x2  
  178  24:22  Siege Tank  
  183  24:29  Refinery x2  
  182  24:33  Marine  
  183  24:41  Marine  
  183  24:42  Viking x2  
  185  24:46  Viking  
  185  24:50  Marine  

Tags
 
Add a new tag
Caveats
  • Supply blocks, unpowered buildings, or Contaminate may cause inaccurate times.
  • Supply counts are checked every 10 seconds.